 Dungeon Crawl Stone Soup version bcrawl-1.40.1 (webtiles) character file.

Game seed: 8633826829031952486

162550 Mehrunes the Magician (level 7, -6/52 HPs)
             Began as a Mummy Wizard on Oct 30, 2023.
             Killed from afar by a crimson imp (15 damage)
             ... with a flame tongue
             ... on level 4 of the Dungeon.
             The game lasted 00:08:39 (5429 turns).

Mehrunes the Magician (Mummy Wizard)                Turns: 5429, Time: 00:08:40

Health: -6/52      AC:  4    Str: 10    XL:     7   Next: 34%
Magic:  3/15       EV: 12    Int: 20    God:
Gold:   250        SH:  0    Dex: 10    Spells: 10/17 levels left

rFire    x . .     GDR:     22% l - +0 dagger (speed)
rCold    + + .     SeeInvis .   (no shield)
rNeg     + + +     Gourm    .   b - +0 robe
rPois    ∞         Faith    +   c - +0 hat
rElec    .         Spirit   .   (no cloak)
rCorr    .         Reflect  .   (no gloves)
MR       .....     Clarity  +   g - +0 pair of boots
Stlth    ++........             d - amulet of faith
HPRegen  0.18/turn              n - ring "Wammopn" {+Fly rC+}
MPRegen  0.14/turn              p - +1 ring of protection

@: no status effects
A: no food or potions, fire vulnerability, clarity, cold resistance 1, negative
energy resistance 3, torment resistance, unbreathing, strong hexes 1
a: Evoke Flight


You were on level 4 of the Dungeon.
You were not hungry.

You visited 1 branch of the dungeon, and saw 4 of its levels.

You collected 250 gold pieces.

Inventory:

Hand Weapons
 a - a +0 staff
 j - a +0 dagger
 l - a +0 dagger of speed (weapon)
Armour
 b - a +0 robe (worn)
 c - a +0 hat (worn)
 g - a +0 pair of boots (worn)
 r - a +0 troll leather armour
Jewellery
 d - an amulet of faith (around neck)
 n - the ring "Wammopn" (left hand) {+Fly rC+}
   (You found it on level 3 of the Dungeon)

   [ring of flight]

   It protects you from cold.
   It lets you fly.
 p - a +1 ring of protection (right hand)
Scrolls
 e - 2 scrolls of teleportation
 f - a scroll of remove curse
 h - a scroll of amnesia
 i - 2 scrolls of identify
 k - a scroll of blinking
 m - 2 scrolls of immolation
 o - a scroll of enchant armour
 q - a scroll of enchant weapon {unknown}


   Skills:
 + Level 3.3 Fighting
 + Level 2.4 Short Blades
 + Level 3.3 Dodging
 - Level 2.1 Stealth
 + Level 5.9 Spellcasting
 + Level 3.0 Conjurations
   Level 0.7 Summonings
   Level 0.7 Translocations


You had 10 spell levels left.
You knew the following spells:

 Your Spells              Type           Power        Failure   Level  Hunger
a - Magic Dart            Conj           ###.         3%          1    N/A
b - Mephitic Cloud        Conj/Pois/Air  #.......     22%         3    N/A
c - Conjure Flame         Conj/Fire      ##......     17%         3    N/A

Your spell library contained the following spells:

 Spells                   Type           Power        Failure   Level  Hunger
 Blink                    Tloc           N/A          12%         2    N/A
 Call Imp                 Summ           #.....       12%         2    N/A
 Spider Form              Tmut/Pois      Unusable     N/A         3    N/A

Dungeon Overview and Level Annotations

Branches:
Dungeon (4/12)
 Temple: D:4-7

Altars:
Okawaru

Shops:
D:4 %

Annotations:
D:4 Grinder


Innate Abilities, Weirdness & Mutations

You do not eat or drink.
Your flesh is vulnerable to fire.
You are immune to poison.
You possess an exceptional clarity of mind.
Your flesh is cold resistant. (rC+)
You are immune to negative energy. (rN+++)
You are immune to unholy pain and torment.
You can survive without breathing.
Your hexes are more powerful.


Message History

The crimson imp is lightly wounded.
The crimson imp hits you but does no damage.
You miss the crimson imp.
The crimson imp is lightly wounded.
The crimson imp hits you but does no damage.
You hit the crimson imp.
The crimson imp is lightly wounded.
You closely miss the crimson imp.
The crimson imp is lightly wounded.
The crimson imp hits you but does no damage.
You miss the crimson imp.
The crimson imp is lightly wounded.
The crimson imp hits you.
* * * LOW HITPOINT WARNING * * *
You hit the crimson imp but do no damage.
You hit the crimson imp.
The crimson imp is lightly wounded.
The crimson imp breathes fire at you. The fire burns you terribly!
The flame tongue hits you!
You die...

......# #.# #......######.....
......# #.# ###...............
......# #.# #.#########.....
......######.# #.# #......
......†...)..# #.# #..>###
......############.########.#.#
...................#..........###
....%.##############..........#..
###..........))5@# #..........#.#
#.####....###### ######.###.#.#
#.# #....# #.# #.#.o #.# #....#
#.###.### #.# #....########
#........ #.# #...........#
#........ #.# #...........#
##....... #.# #..%........#
#.!..... #.# #...........#
#######.


You could see a crimson imp.

Vanquished Creatures
  A troll (D:4)
  A sky beast (D:4)
  A phantom (D:4)
  A scorpion (D:4)
  2 orc priests (D:4)
  A bullfrog skeleton (D:4)
  An orc wizard (D:4)
  A hound skeleton (D:4)
  A gnoll (D:4)
  An adder (D:4)
  A worm (D:2)
  3 dart slugs
  A leopard gecko (D:2)
  9 orcs
  4 giant cockroaches
  4 hobgoblins
  7 jackals
  3 quokkas (D:2)
  2 ball pythons (D:2)
  7 bats
  3 frilled lizards
  5 goblins
  2 kobolds
  7 rats
69 creatures vanquished.

Notes
Turn   | Place    | Note
-------+----------+-------------------------------------------
     0 | D:1      | Mehrunes the Mummy Wizard began the quest for the Orb.
     0 | D:1      | Reached XP level 1. HP: 13/13 MP: 5/5
   214 | D:1      | Reached skill level 1 in Conjurations
   265 | D:1      | Reached XP level 2. HP: 20/20 MP: 5/7
   961 | D:1      | Reached skill level 1 in Fighting
  1256 | D:2      | Reached XP level 3. HP: 26/26 MP: 6/8
  1375 | D:1      | Learned a level 3 spell: Mephitic Cloud
  1379 | D:1      | Learned a level 3 spell: Conjure Flame
  2121 | D:2      | Found an iron altar of Okawaru.
  2441 | D:3      | Got an ancient marble ring
  2443 | D:3      | Identified the ring "Wammopn" {+Fly rC+} (You found it on
                  | level 3 of the Dungeon)
  2531 | D:3      | Found a white marble altar of Elyvilon.
  3167 | D:3      | Reached XP level 4. HP: 32/32 MP: 3/10
  3499 | D:4      | Noticed a troll
  3686 | D:4      | Noticed a phantom
  3845 | D:4      | Killed a phantom
  3846 | D:4      | Reached skill level 1 in Short Blades
  3846 | D:4      | Reached XP level 5. HP: 36/38 MP: 1/12
  3998 | D:4      | Found Qathier's Food Emporium.
  4111 | D:4      | Reached skill level 5 in Spellcasting
  4474 | D:4      | Killed a troll
  4475 | D:4      | Reached XP level 6. HP: 13/46 MP: 4/14
  4590 | D:4      | Noticed a sky beast
  4828 | D:4      | Killed a sky beast
  4829 | D:4      | Reached XP level 7. HP: 44/52 MP: 4/15
  4909 | D:4      | Noticed Grinder
  5429 | D:4      | Killed from afar by a crimson imp

Skill      XL: |  1  2  3  4  5  6  7 |
---------------+----------------------+-----
Conjurations   | 1 2 3 |  3.0
Fighting       | 1 2 3 |  3.3
Dodging        | 2 3 |  3.3
Short Blades   | 1 2 |  2.4
Spellcasting   | 5 |  5.9
Stealth        | |  2.1
Summonings     | |  0.7
Translocations | |  0.7

Action                   |  1- 3 |  4- 6 |  7- 9 || total
-------------------------+-------+-------+-------++-------
Melee: Staff             |     4 |       |       ||     4
       Dagger            |    56 |    38 |    18 ||   112
 Cast: Magic Dart        |   145 |    90 |    29 ||   264
       Mephitic Cloud    |     2 |     5 |     3 ||    10
       Conjure Flame     |       |     4 |       ||     4
  Use: Scroll            |     5 |       |       ||     5
 Stab: Confused          |     1 |     4 |     2 ||     7
       Sleeping          |       |     1 |       ||     1
Armor: Robe              |    25 |    12 |     6 ||    43
Dodge: Dodged            |    57 |    21 |     6 ||    84
